 Dungeon Crawl Stone Soup version 0.16.1-51-g6203257 (webtiles) character file.

54 uhvn the Sneak (level 3, -2/18 HPs)
             Began as a Vine Stalker Enchanter on July 8, 2015.
             Slain by a worm (10 damage)
             ... on level 2 of the Dungeon.
             The game lasted 00:05:13 (1320 turns).

uhvn the Sneak (Vine Stalker Enchanter)             Turns: 1320, Time: 00:05:13

Health: -2/18      AC:  4    Str: 10    XL:     3   Next: 91%
Magic:  0/7        EV: 12    Int: 15    God:
Gold:   46         SH:  0    Dex: 15    Spells: 1 memorised, 6 levels left

rFire  . . .     SeeInvis .     a - +1 dagger
rCold  . . .     Clarity  .     b - +1 robe
rNeg   . . .     SustAb   .     (no shield)
rPois  .         Gourm    .     g - +0 helmet
rElec  .         Spirit   +     (no cloak)
rCorr  .         Warding  .     (no gloves)
rMut   .         Stasis   .     (no boots)
MR     .....                    (no amulet)
Stlth  +++.......               (no ring)
                                (no ring)

@: not resistant to hostile enchantments, fairly stealthy
A: fangs 2, regeneration 1, magic shield, antimagic bite, no device heal 3, rot
immunity
a: no special abilities


You were on level 2 of the Dungeon.
You were not hungry.

You visited 1 branch of the dungeon, and saw 2 of its levels.

You collected 46 gold pieces.

Inventory:

Hand weapons
 a - a +1 dagger (weapon)
Armour
 b - a +1 robe (worn)
 g - a +0 helmet (worn)
Scrolls
 f - a scroll of fog {unknown}
 h - 3 scrolls of identify {unknown}
 i - a scroll of amnesia {unknown}
 j - a scroll of recharging {unknown}
Potions
 e - a potion of might {unknown}
 k - a potion of mutation {unknown}
Books
 c - a book of Maledictions

   Spells                             Type                      Level
   a - Corona                         Hexes                        1
   b - Sure Blade                     Hexes/Charms                 2
   c - Ensorcelled Hibernation        Hexes/Ice                    2
   d - Confuse                        Hexes                        3
   e - Dazzling Spray                 Conjuration/Hexes            3
   f - Enslavement                    Hexes                        4
Comestibles
 d - a bread ration


   Skills:
 * Level 1.1 Fighting
 + Level 1.3 Short Blades
 + Level 1.8 Dodging
 * Level 4.5 Stealth
 + Level 0.2 Unarmed Combat
 + Level 2.6 Spellcasting
 - Level 3.0 Hexes


You had 6 spell levels left.
You knew the following spells:

 Your Spells              Type           Power        Failure   Level  Hunger
a - Corona                Hex            ##.....      8%          1    #......


Dungeon Overview and Level Annotations

Branches:
Dungeon (2/15)

Altars:


Innate Abilities, Weirdness & Mutations

You have extremely sharp teeth.
Your natural rate of healing is unusually fast.
When hurt, damage is shared between your health and your magic reserves.
Your bite disrupts and absorbs the magic of your enemies.
Potions and wands cannot restore your health.
You are immune to rotting.


Message History

The worm is heavily wounded.
Casting: Corona
Confirm with . or Enter, or press ? or * to list all spells.
Aiming: Corona
Press: ? - help, Shift-Dir - straight line, f/p - worm
Aim: a worm (heavily wounded, chance 55%)
The worm struggles to resist.
Casting: Corona
Confirm with . or Enter, or press ? or * to list all spells.
Aiming: Corona
Press: ? - help, Shift-Dir - straight line, f/p - worm
Aim: a worm (heavily wounded, chance 55%)
The worm is outlined in light.
You hit the worm. Your bite misses the worm.
The worm is severely wounded.
You hit the worm. You bite the worm, but do no damage.
The worm is almost dead.
The worm bites you!
Ouch! That really hurt!
You die...

#.......# ########.#
.........##########
....................
.............#####
.....#######..#
####. ##.##### # # #
#.....# . # #..#@##
.#### # ##.#w# ....#
#.#.####..#
#.........#
#..###w.$.# #..#
#.#.##
#..............
#...##.#..#.## #.#
##...# ..


You could see a worm.

Vanquished Creatures
  2 worms (D:2)
  3 giant geckos (D:2)
  5 goblins
  5 hobgoblins
  7 kobolds
  A ball python (D:1)
  4 bats
  3 giant cockroaches (D:1)
  A giant newt (D:1)
  2 jackals (D:1)
  4 rats
37 creatures vanquished.

Notes
Turn   | Place    | Note
--------------------------------------------------------------
     0 | D:1      | uhvn, the Vine Stalker Enchanter, began the quest for the Orb.
     0 | D:1      | Reached XP level 1. HP: 9/9 MP: 3/3
    94 | D:1      | Reached skill level 1 in Short Blades
   198 | D:1      | Reached skill level 4 in Stealth
   198 | D:1      | Reached XP level 2. HP: 8/13 MP: 0/5
   684 | D:1      | Reached skill level 1 in Fighting
   906 | D:2      | Reached XP level 3. HP: 18/18 MP: 7/7
  1320 | D:2      | Slain by a worm

Action                   || total
-------------------------++-------
Melee: Dagger            ||   136
 Cast: Corona            ||    26
 Stab: Sleeping          ||     7
  Eat: Chunk             ||     2
